[Event "ICC tourney 2075 (75 10)"]
[Site "Internet Chess Club"]
[Date "2020.10.24"]
[Round "2"]
[White "FlowingMelody"]
[Black "jason54312"]
[Result "0-1"]
[ICCResult "White checkmated"]
[WhiteElo "1324"]
[BlackElo "1580"]
[Opening "Ruy Lopez: closed, anti-Marshall 8.a4"]
[ECO "C88"]
[NIC "RL.18"]
[Time "14:32:10"]
[PlyCount "120"]
[TimeControl "4500+10"]

1. e4 e5 2. Nf3 Nc6 3. Bb5 a6 4. Ba4 Nf6 5. O-O Be7 6. Re1 b5 7. Bb3 O-O 8.
a4 Bb7 9. d3 d6 10. Nbd2 Re8 11. Nf1 Na5 12. c3 c5 13. Ng3 Bc8 14. Ng5 Rf8
15. Be3 h6 16. Nf3 Be6 17. Bxe6 fxe6 18. b4 cxb4 19. cxb4 Nc6 20. Qb3 d5
21. exd5 Qxd5 22. Qxd5 exd5 23. axb5 Nxb4 24. bxa6 Nc2 25. Nxe5 Nxe1 26.
Rxe1 Rxa6 27. Ng6 Re8 28. Bxh6 gxh6 29. Nxe7+ Kf7 30. Ngf5 Re6 31. Rxe6
Kxe6 32. Kf1 Ra8 33. Ke2 Ng4 34. h3 Ra2+ 35. Kf3 Nxf2 36. d4 Ne4 37. g4
Ng5+ 38. Kg3 Ra3+ 39. Kg2 Rxh3 40. Ng6 Rf3 41. Nxh6 Rf6 42. Nf5 Rxg6 43.
Nh4 Rf6 44. Nf5 Rxf5 45. gxf5+ Kxf5 46. Kf2 Ke4 47. Ke2 Kxd4 48. Kd2 Ke4
49. Ke2 d4 50. Kd2 d3 51. Ke1 Ke3 52. Kd1 d2 53. Kc2 Ke2 54. Kc3 d1=Q 55.
Kc4 Qd6 56. Kc3 Qc5+ 57. Kb3 Kd3 58. Kb2 Qb4+ 59. Kc1 Qb5 60. Kd1 Qb1# {
White checkmated } 0-1

[Event "ICC tourney 2075 (75 10)"]
[Site "Internet Chess Club"]
[Date "2020.10.24"]
[Round "2"]
[White "riachuvspikachu"]
[Black "Chessnaught"]
[Result "0-1"]
[ICCResult "White checkmated"]
[WhiteElo "1606"]
[BlackElo "1527"]
[Opening "Caro-Kann: exchange variation"]
[ECO "B13"]
[NIC "CK.02"]
[Time "14:32:03"]
[PlyCount "58"]
[TimeControl "4500+10"]

1. e4 c6 2. d4 d5 3. exd5 cxd5 4. Bd3 Nf6 5. Nf3 Nc6 6. h3 e6 7. O-O Bd6 8.
c4 dxc4 9. Bxc4 O-O 10. Nc3 Na5 11. Bd3 h6 12. Qd2 Qd7 13. Qd1 Qd8 14. Qc2
b6 15. Be3 Bb7 16. Rac1 Bxf3 17. gxf3 Nh5 18. Qd2 Qh4 19. Ne2 Qxh3 20. f4
g5 21. f3 gxf4 22. Bxf4 Nxf4 23. Rf2 Nxd3 24. Rg2+ Kh8 25. Qxd3 Rg8 26. Nf4
Bxf4 27. Rc2 Qh2+ 28. Kf1 Qh1+ 29. Kf2 Rxg2# { White checkmated } 0-1

[Event "ICC tourney 2075 (75 10)"]
[Site "Internet Chess Club"]
[Date "2020.10.24"]
[Round "2"]
[White "mmoss2932"]
[Black "narayan0811"]
[Result "1-0"]
[ICCResult "Black checkmated"]
[WhiteElo "1691"]
[BlackElo "1351"]
[Opening "QGD: 4.Bg5 Be7"]
[ECO "D53"]
[NIC "QO.13"]
[Time "14:32:10"]
[PlyCount "75"]
[TimeControl "4500+10"]

1. d4 e6 2. c4 d5 3. Nc3 Nf6 4. Bg5 Be7 5. e3 Bd7 6. Bxf6 Bxf6 7. cxd5 O-O
8. Nf3 exd5 9. Nxd5 Bc6 10. Nxf6+ Qxf6 11. Be2 Rd8 12. O-O Rd6 13. Qc2 Nd7
14. Rfd1 Re8 15. Rd2 Nb6 16. Rad1 Be4 17. Qc5 Bd5 18. b3 Qg6 19. Bd3 Qh5
20. e4 Rc6 21. Qa5 a6 22. exd5 Nxd5 23. Bc4 Rd8 24. Re1 g6 25. Re5 Qh6 26.
Bxd5 Rcd6 27. Bxf7+ Kxf7 28. Qxc7+ R6d7 29. Qc4+ Kf8 30. Rde2 Rf7 31. Ng5
Rfd7 32. Ne6+ Kg8 33. Nxd8+ Kg7 34. Re7+ Rxe7 35. Rxe7+ Kf6 36. Qe6+ Kg5
37. Nf7+ Kh5 38. Qh3# { Black checkmated } 1-0

[Event "ICC tourney 2075 (75 10)"]
[Site "Internet Chess Club"]
[Date "2020.10.24"]
[Round "2"]
[White "Florina12345"]
[Black "chessplayer3740"]
[Result "0-1"]
[ICCResult "White resigns"]
[WhiteElo "1333"]
[BlackElo "1466"]
[Opening "Sicilian: dragon, Yugoslav attack, Rauser variation"]
[ECO "B76"]
[NIC "SI.25"]
[Time "14:32:03"]
[PlyCount "158"]
[TimeControl "4500+10"]

1. e4 c5 2. Nf3 d6 3. d4 cxd4 4. Nxd4 Nc6 5. Nc3 Nf6 6. f3 g6 7. Be3 Bg7 8.
Qd2 O-O 9. O-O-O Nd7 10. Bc4 Nb6 11. Bb3 Be5 12. h4 Nxd4 13. Bxd4 Bxd4 14.
Qxd4 Be6 15. h5 Bxb3 16. cxb3 Qc7 17. hxg6 fxg6 18. Rh3 Rad8 19. Rdh1 Rf7
20. Rh6 Rg7 21. Qf2 d5 22. Kb1 d4 23. Nb5 Qe5 24. Na3 e6 25. Nc4 Nxc4 26.
bxc4 Qc5 27. Qh4 Rdd7 28. b3 d3 29. Rd1 Qe3 30. Qh1 d2 31. Rh3 b5 32. Qf1
bxc4 33. Qxc4 Rc7 34. Qxe6+ Rgf7 35. Qe8+ Rf8 36. Qe6+ Rff7 37. Rhh1 Qd3+
38. Kb2 Qc3+ 39. Ka3 Rc6 40. Qe8+ Rf8 41. Qxc6 Qxc6 42. Rxd2 Qa6+ 43. Kb2
Qf6+ 44. Kb1 Rd8 45. Rc2 Rd7 46. Rhc1 Qf4 47. Rc8+ Kg7 48. R8c2 Kh6 49.
Rh1+ Kg7 50. Rhc1 Qg3 51. a4 Rb7 52. Ka2 Kh6 53. Rh1+ Kg7 54. Rhc1 Qe5 55.
Rc5 Qd6 56. Rc6 Qb4 57. R6c3 Kh6 58. Kb2 Qxa4 59. Rh1+ Kg7 60. Rhc1 Qd4 61.
Ka3 Qd2 62. R1c2 Qd6+ 63. Kb2 a5 64. Rc5 Qb6 65. R5c3 a4 66. Rd2 axb3 67.
Re2 Qd4 68. e5 Rc7 69. Re3 Rxc3 70. Rxc3 Qxe5 71. Kxb3 Qb8+ 72. Kc2 Qg3 73.
Kb3 Qxg2 74. Rc7+ Kh6 75. Rc3 Kg5 76. Kc4 Kf4 77. Rd3 Qxf3 78. Rd4+ Qe4 79.
Rxe4+ Kxe4 { White resigns } 0-1

[Event "ICC tourney 2075 (75 10)"]
[Site "Internet Chess Club"]
[Date "2020.10.24"]
[Round "3"]
[White "MehPlayer"]
[Black "Jeffchess"]
[Result "1-0"]
[ICCResult "Black checkmated"]
[WhiteElo "1611"]
[BlackElo "1300"]
[Opening "Caro-Kann: closed (Breyer) variation"]
[ECO "A00"]
[NIC "VO.13"]
[Time "18:04:03"]
[PlyCount "71"]
[TimeControl "4500+10"]

1. d3 c6 2. e4 e5 3. f4 Bd6 4. fxe5 Bxe5 5. Nf3 d6 6. Be2 Bg4 7. O-O Bxf3
8. Bxf3 h5 9. d4 Qb6 10. c3 g6 11. Kh1 Bg7 12. Nd2 Nd7 13. Nc4 Qc7 14. Bf4
Ne5 15. dxe5 dxe5 16. Be3 Rd8 17. Qc2 b5 18. Nd2 Ne7 19. Nb3 f5 20. Nc5 Rd6
21. Rad1 f4 22. Rxd6 Qxd6 23. Rd1 Qxd1+ 24. Qxd1 fxe3 25. Qd7+ Kf7 26. Ne6
Bf6 27. Nd8+ Kg7 28. Nxc6 Rf8 29. Nxe7 Bxe7 30. Qxe7+ Rf7 31. Qc5 e2 32.
Bxe2 Kf6 33. Qd6+ Kg5 34. Qxe5+ Kh6 35. h4 Rf2 36. Qh8# { Black checkmated
} 1-0

[Event "ICC tourney 2075 (75 10)"]
[Site "Internet Chess Club"]
[Date "2020.10.24"]
[Round "3"]
[White "yogokings12"]
[Black "ethanpu"]
[Result "1/2-1/2"]
[ICCResult "Game drawn by mutual agreement"]
[WhiteElo "1678"]
[BlackElo "1363"]
[Opening "King's gambit"]
[ECO "C30"]
[NIC "KG.05"]
[Time "18:04:03"]
[PlyCount "36"]
[TimeControl "4500+10"]

1. e4 e5 2. f4 d6 3. Nf3 Nc6 4. Bb5 Ne7 5. d3 a6 6. Ba4 exf4 7. Bxf4 Ng6 8.
Bg3 Be7 9. O-O O-O 10. Nc3 Bg4 11. h3 Bh5 12. Nd5 Nd4 13. Qd2 Nxf3+ 14.
gxf3 Bg5 15. f4 Bh4 16. Qg2 c6 17. Ne3 a5 18. c4 Bxg3 { Game drawn by
mutual agreement } 1/2-1/2

[Event "ICC tourney 2075 (75 10)"]
[Site "Internet Chess Club"]
[Date "2020.10.24"]
[Round "3"]
[White "vihaan2011"]
[Black "Yamato1945"]
[Result "0-1"]
[ICCResult "White checkmated"]
[WhiteElo "1256"]
[BlackElo "1436"]
[Opening "Caro-Kann defense"]
[ECO "B15"]
[NIC "CK.05"]
[Time "18:04:08"]
[PlyCount "68"]
[TimeControl "4500+10"]

1. e4 c6 2. d4 d5 3. Nc3 Nf6 4. e5 Nfd7 5. Nf3 e6 6. Bd3 c5 7. dxc5 Bxc5 8.
O-O Nc6 9. Re1 h6 10. a3 a6 11. h3 b5 12. b4 Ba7 13. Bf4 Nd4 14. Be3 Nxf3+
15. Qxf3 Nxe5 16. Qe2 Nxd3 17. Qxd3 d4 18. Qe4 dxe3 19. fxe3 Bd7 20. Nd5
O-O 21. Nf4 Rc8 22. Rad1 Qc7 23. Rc1 Rfd8 24. Nh5 Bc6 25. Qg4 Qe5 26. Kh1
Rd2 27. c3 Bxg2+ 28. Kg1 Bxe3+ 29. Rxe3 Qxe3+ 30. Kh2 Bxh3+ 31. Kh1 Bxg4
32. Nf6+ gxf6 33. Rf1 Qh3+ 34. Kg1 Qg2# { White checkmated } 0-1

[Event "ICC tourney 2075 (75 10)"]
[Site "Internet Chess Club"]
[Date "2020.10.24"]
[Round "3"]
[White "Kfprasanna"]
[Black "sganzb00"]
[Result "0-1"]
[ICCResult "White resigns"]
[WhiteElo "1366"]
[BlackElo "1560"]
[Opening "Hungarian defense"]
[ECO "C50"]
[NIC "IG.03"]
[Time "18:04:07"]
[PlyCount "72"]
[TimeControl "4500+10"]

1. e4 e5 2. Nf3 Nc6 3. Bc4 Be7 4. Nc3 Nf6 5. d3 O-O 6. Be3 d6 7. h3 Na5 8.
Bb3 Nxb3 9. axb3 c6 10. O-O Qc7 11. d4 exd4 12. Nxd4 Re8 13. Nf3 Bf8 14.
Qd3 Be6 15. Bf4 Qd7 16. Rfd1 d5 17. exd5 Nxd5 18. Nxd5 cxd5 19. c4 Rad8 20.
cxd5 a6 21. Ng5 Bf5 22. Qc4 h6 23. Nf3 Re4 24. Qc1 Rc8 25. Qd2 Bb4 26. Ne5
Qd8 27. Qd3 Rxf4 28. Qg3 Qg5 29. Qxg5 hxg5 30. d6 Rd8 31. d7 f6 32. Rac1
fxe5 33. Rc8 Be7 34. Rxd8+ Bxd8 35. Rc1 Rd4 36. Rc8 Rxd7 { White resigns }
0-1

[Event "ICC tourney 2075 (75 10)"]
[Site "Internet Chess Club"]
[Date "2020.10.24"]
[Round "3"]
[White "jason54312"]
[Black "VirginiaGuy"]
[Result "1-0"]
[ICCResult "Black resigns"]
[WhiteElo "1584"]
[BlackElo "1372"]
[Opening "Petrov: French attack"]
[ECO "C42"]
[NIC "RG.03"]
[Time "18:04:16"]
[PlyCount "65"]
[TimeControl "4500+10"]

1. e4 e5 2. Nf3 Nf6 3. Nxe5 d6 4. Nf3 Nxe4 5. d3 Nf6 6. Be2 Be7 7. O-O O-O
8. Bf4 Nc6 9. Nc3 a6 10. Re1 Bf5 11. d4 d5 12. Bd3 Bxd3 13. Qxd3 Re8 14.
Ne5 Nb8 15. Bg5 c6 16. Re2 Nbd7 17. Rae1 Qc7 18. Nxc6 bxc6 19. Rxe7 Rxe7
20. Rxe7 Kf8 21. Bxf6 gxf6 22. Re1 Kg8 23. Re3 Nf8 24. Rg3+ Kh8 25. Qf5 Qe7
26. h4 Qe6 27. Qh5 Rb8 28. Qh6 Qe1+ 29. Kh2 Ng6 30. h5 Rg8 31. hxg6 fxg6
32. Re3 Qxf2 33. Re7 { Black resigns } 1-0

[Event "ICC tourney 2075 (75 10)"]
[Site "Internet Chess Club"]
[Date "2020.10.24"]
[Round "3"]
[White "dangdang2000"]
[Black "SunnyDays0"]
[Result "1-0"]
[ICCResult "Black resigns"]
[WhiteElo "1209"]
[BlackElo "1148"]
[Opening "French: advance, Paulsen attack"]
[ECO "C02"]
[NIC "FR.03"]
[Time "18:04:03"]
[PlyCount "95"]
[TimeControl "4500+10"]

1. e4 e6 2. d4 d5 3. e5 c5 4. c3 Nc6 5. Nf3 Nge7 6. a3 Nf5 7. b4 b6 8. Bb5
Bb7 9. Qa4 Qd7 10. Be3 a6 11. Bd3 cxd4 12. cxd4 Be7 13. Bxf5 exf5 14. Nc3
O-O 15. O-O b5 16. Qb3 Rfd8 17. Rac1 f6 18. exf6 Bxf6 19. Rfd1 Ne7 20. Ne5
Bxe5 21. dxe5 Qe6 22. Bf4 Ng6 23. Bg5 Rd7 24. Re1 h6 25. Bd2 Kh8 26. Kh1
Qb6 27. f4 d4 28. Na2 Bd5 29. Qb2 Nh4 30. Rg1 Rad8 31. Be1 d3 32. Bxh4 d2
33. Rcd1 Qe3 34. Bxd8 Bxg2+ 35. Rxg2 Qe1+ 36. Rg1 Qe4+ 37. Rg2 Qe1+ 38.
Rxe1 dxe1=Q+ 39. Rg1 Qe4+ 40. Qg2 Rxd8 41. Qxe4 fxe4 42. Nc3 e3 43. e6 Re8
44. f5 g5 45. Nd5 e2 46. Nf6 Re7 47. Re1 Kg7 48. Nd5 { Black resigns } 1-0

[Event "ICC tourney 2075 (75 10)"]
[Site "Internet Chess Club"]
[Date "2020.10.24"]
[Round "3"]
[White "aakashjr"]
[Black "APBrain"]
[Result "1-0"]
[ICCResult "Black checkmated"]
[WhiteElo "1514"]
[BlackElo "1543"]
[Opening "Sicilian: Pelikan (Lasker/Sveshnikov) variation"]
[ECO "B33"]
[NIC "SI.36"]
[Time "18:04:07"]
[PlyCount "93"]
[TimeControl "4500+10"]

1. e4 c5 2. Nf3 Nc6 3. d4 cxd4 4. Nxd4 Nf6 5. Nc3 e5 6. Ndb5 d6 7. Bg5 a6
8. Bxf6 gxf6 9. Na3 b5 10. Nd5 Bg7 11. c3 O-O 12. Nc2 f5 13. Bd3 fxe4 14.
Bxe4 f5 15. Ne7+ Qxe7 16. Bxc6 Rb8 17. O-O f4 18. Nb4 Bf5 19. Bd5+ Kh8 20.
Nc6 Qg5 21. Nxb8 Rxb8 22. Re1 Bf6 23. Bf3 Rg8 24. g3 fxg3 25. fxg3 e4 26.
Bxe4 Be5 27. Qf3 Bg4 28. Qe3 Qh5 29. Rf1 Bh3 30. Rf2 Qh4 31. Bg2 Qh5 32.
Bxh3 Qxh3 33. Rf3 b4 34. cxb4 Qg4 35. Rd1 Qxb4 36. Qb3 Qe4 37. Qd3 Qg4 38.
Qf5 Qa4 39. Rxd6 Bxd6 40. Qf6+ Rg7 41. Qxd6 h5 42. Rf8+ Kh7 43. Qd3+ Rg6
44. Rf7+ Kh8 45. Qd8+ Rg8 46. Qf6+ Rg7 47. Qxg7# { Black checkmated } 1-0

[Event "ICC tourney 2075 (75 10)"]
[Site "Internet Chess Club"]
[Date "2020.10.24"]
[Round "3"]
[White "thihansa"]
[Black "Florina12345"]
[Result "1-0"]
[ICCResult "Black resigns"]
[WhiteElo "1223"]
[BlackElo "1313"]
[Opening "Giuoco Piano"]
[ECO "C54"]
[NIC "IG.02"]
[Time "18:04:01"]
[PlyCount "95"]
[TimeControl "4500+10"]

1. e4 e5 2. Nf3 Nc6 3. Bc4 Bc5 4. c3 Nf6 5. d3 d6 6. Bb3 h6 7. h3 a6 8. O-O
Ba7 9. Nbd2 O-O 10. Re1 Ne7 11. Nf1 Ng6 12. Ng3 Re8 13. Be3 Be6 14. Bc2 c6
15. d4 exd4 16. cxd4 d5 17. e5 Nd7 18. Bf5 c5 19. b3 cxd4 20. Bxd4 Bxf5 21.
Nxf5 Bxd4 22. Qxd4 Ndf8 23. e6 f6 24. e7 Nxe7 25. Nxe7+ Rxe7 26. Rxe7 Qxe7
27. Qxd5+ Kh8 28. Re1 Qc7 29. Qe4 Rd8 30. Qe7 Qxe7 31. Rxe7 Rd1+ 32. Kh2
Ra1 33. a4 b5 34. axb5 axb5 35. Rb7 Ra2 36. Kg3 Rb2 37. Rxb5 Kh7 38. b4 Ne6
39. Rb6 Ng5 40. Nxg5+ hxg5 41. b5 Kg6 42. Rb8 f5 43. Rb6+ Kh5 44. Rb8 f4+
45. Kf3 Rb3+ 46. Ke4 Rb4+ 47. Kf5 g6+ 48. Kf6 { Black resigns } 1-0

[Event "ICC tourney 2075 (75 10)"]
[Site "Internet Chess Club"]
[Date "2020.10.24"]
[Round "3"]
[White "chessplayer3740"]
[Black "ajiteshgari"]
[Result "1-0"]
[ICCResult "Black checkmated"]
[WhiteElo "1456"]
[BlackElo "1453"]
[Opening "Ruy Lopez: four knights (Tarrasch) variation"]
[ECO "C77"]
[NIC "RL.12"]
[Time "18:04:17"]
[PlyCount "115"]
[TimeControl "4500+10"]

1. e4 e5 2. Nf3 Nc6 3. Bb5 a6 4. Ba4 Nf6 5. Nc3 d6 6. d3 Bg4 7. O-O b5 8.
Bb3 Nd4 9. Be3 Nxf3+ 10. gxf3 Bh3 11. Re1 Nh5 12. f4 Nxf4 13. Bxf4 exf4 14.
Qh5 Qd7 15. Bxf7+ Qxf7 16. Qxh3 Be7 17. Nd5 Bd8 18. Qf5 O-O 19. Nxf4 Qxf5
20. exf5 Rxf5 21. Ng2 Bf6 22. c3 b4 23. cxb4 Bxb2 24. Rab1 Bd4 25. Ne3 Rg5+
26. Kh1 Re8 27. f4 Rb5 28. Nc2 Rxe1+ 29. Rxe1 Bc3 30. Re8+ Kf7 31. Rc8 Rb7
32. Ra8 Bxb4 33. Nxb4 Rxb4 34. Rxa6 Rxf4 35. Rc6 Ra4 36. Rxc7+ Kf6 37. Rc2
Ke5 38. Re2+ Kd4 39. Re4+ Kxd3 40. Rxa4 Kc3 41. Kg2 d5 42. Kf2 d4 43. Ke2
g5 44. Ra5 h6 45. Ra6 Kc2 46. Rd6 h5 47. Rxd4 g4 48. a4 g3 49. hxg3 h4 50.
Rxh4 Kb3 51. a5 Kb2 52. a6 Kb3 53. a7 Kb2 54. a8=Q Kb1 55. Qc8 Kb2 56. Rh7
Ka3 57. Rb7 Ka4 58. Qa8# { Black checkmated } 1-0

[Event "ICC tourney 2075 (75 10)"]
[Site "Internet Chess Club"]
[Date "2020.10.24"]
[Round "3"]
[White "kgeisenman32"]
[Black "riachuvspikachu"]
[Result "1-0"]
[ICCResult "Black checkmated"]
[WhiteElo "1425"]
[BlackElo "1595"]
[Opening "Queen's pawn game"]
[ECO "A46"]
[NIC "QP.06"]
[Time "18:04:04"]
[PlyCount "121"]
[TimeControl "4500+10"]

1. d4 Nf6 2. Nf3 d6 3. Bf4 c5 4. c3 Qa5 5. Nbd2 Nc6 6. e3 g6 7. Bd3 Bg7 8.
h3 O-O 9. O-O Re8 10. Nc4 Qd8 11. Bg3 b5 12. Ncd2 a6 13. Ne4 cxd4 14. cxd4
e5 15. Nxf6+ Bxf6 16. Be4 Bb7 17. Rc1 Rc8 18. dxe5 dxe5 19. Qxd8 Nxd8 20.
Bxb7 Nxb7 21. Rxc8 Rxc8 22. Bxe5 Bxe5 23. Nxe5 Rc2 24. Rb1 Nc5 25. a3 Nb3
26. Nf3 Nc5 27. Ne1 Rd2 28. b4 Nd3 29. Nxd3 Rxd3 30. Ra1 Rb3 31. Kf1 Kg7
32. Ra2 Kf6 33. Ke2 Rc3 34. Kd2 Rc4 35. Rc2 Rxc2+ 36. Kxc2 Ke5 37. Kd3 f5
38. f3 g5 39. g4 f4 40. e4 h6 41. Kc3 Kf6 42. Kd4 Kg6 43. Kd5 h5 44. Kd6
hxg4 45. hxg4 Kf7 46. e5 Ke8 47. Ke6 Kd8 48. Kf7 Kd7 49. e6+ Kd6 50. e7 Kd5
51. e8=Q Kc4 52. Qc6+ Kb3 53. Qxa6 Kc4 54. a4 Kxb4 55. axb5 Kc5 56. b6 Kc6
57. b7+ Kc7 58. Qa7 Kc6 59. b8=Q Kd5 60. Qb5+ Kd6 61. Qab6# { Black
checkmated } 1-0

[Event "ICC tourney 2075 (75 10)"]
[Site "Internet Chess Club"]
[Date "2020.10.24"]
[Round "3"]
[White "narayan0811"]
[Black "georgianknight"]
[Result "0-1"]
[ICCResult "White checkmated"]
[WhiteElo "1346"]
[BlackElo "1512"]
[Opening "Sicilian: Alapin's variation (2.c3)"]
[ECO "B22"]
[NIC "SI.46"]
[Time "18:04:03"]
[PlyCount "124"]
[TimeControl "4500+10"]

1. e4 c5 2. c3 d5 3. exd5 Qxd5 4. d4 cxd4 5. Qxd4 Qxd4 6. cxd4 e6 7. Nf3
Nf6 8. Nc3 Nc6 9. Bb5 Bd7 10. O-O Be7 11. Be3 O-O 12. Rad1 Rfd8 13. Rfe1 a6
14. Ba4 Rac8 15. Ne5 h6 16. Nxd7 Rxd7 17. Bb3 Bb4 18. d5 exd5 19. Bxd5 Nxd5
20. Nxd5 Rxd5 21. Rxd5 Bxe1 22. Rd7 b5 23. a3 Rd8 24. Rxd8+ Nxd8 25. Kf1
Ba5 26. Ke2 Bc7 27. g3 Kf8 28. Kd3 Ke7 29. Ke4 Ke6 30. f4 f5+ 31. Kf3 Nf7
32. h4 Nd6 33. g4 fxg4+ 34. Kxg4 g6 35. h5 gxh5+ 36. Kxh5 Nf5 37. Bc1 Kd5
38. Kg6 Ke4 39. b3 Bxf4 40. Bb2 Ng3 41. Bf6 Ne2 42. a4 b4 43. Be7 Bd2 44.
Bf8 Nc1 45. Bxh6 Bxh6 46. Kxh6 Nxb3 47. Kg6 Nc5 48. Kf6 b3 49. Ke7 b2 50.
Kd6 Nxa4 51. Kc6 b1=Q 52. Kd7 Qb5+ 53. Kd6 Qe5+ 54. Kc6 Qd5+ 55. Kc7 Qe6
56. Kd8 Qf7 57. Kc8 Nb6+ 58. Kb8 Na8 59. Kxa8 Qd7 60. Kb8 Kd5 61. Ka8 Kc6
62. Kb8 Qb7# { White checkmated } 0-1

[Event "ICC tourney 2075 (75 10)"]
[Site "Internet Chess Club"]
[Date "2020.10.24"]
[Round "3"]
[White "Chessnaught"]
[Black "mmoss2932"]
[Result "1/2-1/2"]
[ICCResult "Game drawn by repetition"]
[WhiteElo "1483"]
[BlackElo "1659"]
[Opening "Queen's pawn"]
[ECO "A40"]
[NIC "QO.17"]
[Time "18:04:10"]
[PlyCount "84"]
[TimeControl "4500+10"]

1. d4 e6 2. Bf4 d5 3. Nf3 Nf6 4. e3 c5 5. c3 Nc6 6. Nbd2 Be7 7. Bd3 O-O 8.
Ne5 Bd6 9. h4 Qc7 10. Nxc6 bxc6 11. Bxd6 Qxd6 12. O-O e5 13. dxe5 Qxe5 14.
e4 dxe4 15. Re1 Bf5 16. f3 Rfd8 17. Qe2 Qg3 18. Nxe4 Qxh4 19. Nxc5 Bxd3 20.
Nxd3 Re8 21. Qf2 Qc4 22. Ne5 Qb5 23. c4 Qb7 24. b3 Qc7 25. Qc5 Re6 26. Nd3
Rae8 27. Rxe6 Rxe6 28. Re1 Rxe1+ 29. Nxe1 Qb6 30. Nd3 Nd7 31. Qxb6 axb6 32.
Nb4 c5 33. Nd5 Kf8 34. Kf2 f5 35. Ke3 g5 36. g4 fxg4 37. fxg4 Kf7 38. Ke4
Kg6 39. Ne7+ Kf6 40. Nd5+ Kg6 41. Ne7+ Kf6 42. Nd5+ Kg6 { Game drawn by
repetition } 1/2-1/2

[Event "ICC tourney 2075 (75 10)"]
[Site "Internet Chess Club"]
[Date "2020.10.25"]
[Round "4"]
[White "ajiteshgari"]
[Black "vihaan2011"]
[Result "0-1"]
[ICCResult "White checkmated"]
[WhiteElo "1451"]
[BlackElo "1385"]
[Opening "Giuoco Pianissimo"]
[ECO "C55"]
[NIC "IG.01"]
[Time "11:02:34"]
[PlyCount "106"]
[TimeControl "4500+10"]

1. e4 e5 2. Nf3 Nc6 3. Bc4 Nf6 4. d3 Bc5 5. Bg5 O-O 6. Nc3 Bb4 7. a3 Bxc3+
8. bxc3 d6 9. h3 Be6 10. Ba2 h6 11. Bh4 Nb8 12. d4 exd4 13. cxd4 Bxa2 14.
Rxa2 Nbd7 15. O-O Re8 16. Re1 Qc8 17. e5 Nd5 18. Qd2 N7b6 19. Raa1 Qd7 20.
exd6 cxd6 21. Rxe8+ Rxe8 22. Rd1 Nc4 23. Qc1 Nc3 24. Re1 Ne2+ 25. Rxe2 Rxe2
26. Kf1 Re8 27. Nd2 Nxd2+ 28. Qxd2 Qb5+ 29. Kg1 Qe2 30. Qc3 Qe1+ 31. Qxe1
Rxe1+ 32. Kh2 Rc1 33. Be7 Rxc2 34. Bxd6 Rxf2 35. Bc5 b6 36. Bd6 Rd2 37. Be5
f6 38. Bb8 Rxd4 39. Bxa7 Ra4 40. Bxb6 Rxa3 41. g4 g5 42. Bc5 Rb3 43. Be7
Kf7 44. Bd8 Kg6 45. Kg2 f5 46. gxf5+ Kxf5 47. Be7 h5 48. h4 g4 49. Bg5 g3
50. Bc1 Kg4 51. Bg5 Rb2+ 52. Kg1 Kf3 53. Bf6 Rb1# { White checkmated } 0-1

[Event "ICC tourney 2075 (75 10)"]
[Site "Internet Chess Club"]
[Date "2020.10.25"]
[Round "4"]
[White "VirginiaGuy"]
[Black "Jeffchess"]
[Result "1/2-1/2"]
[ICCResult "Game drawn by the 50 move rule"]
[WhiteElo "1372"]
[BlackElo "1308"]
[Opening "Queen's pawn"]
[ECO "A40"]
[NIC "QO.17"]
[Time "11:03:06"]
[PlyCount "201"]
[TimeControl "4500+10"]

1. d4 c6 2. Nf3 d5 3. e3 Bg4 4. c4 Nf6 5. Nc3 e6 6. Qb3 Qc7 7. Ne5 Bd6 8.
f4 Bxe5 9. fxe5 dxc4 10. Bxc4 Nd5 11. Nxd5 cxd5 12. Bb5+ Nd7 13. Qa4 a6 14.
Bxd7+ Qxd7 15. Qxd7+ Kxd7 16. O-O Rhf8 17. Bd2 a5 18. Rac1 Be2 19. Rf2 Bd3
20. Rc3 Be4 21. Rf1 f5 22. Rfc1 Rac8 23. Rxc8 Rxc8 24. Rxc8 Kxc8 25. Bxa5
g6 26. Kf2 Kd7 27. g3 Kc6 28. Ke2 Kb5 29. Bc3 Kc4 30. Kd2 b5 31. a3 Kb3 32.
Bb4 Kxb2 33. Bd6 Kb3 34. Bb4 Kc4 35. Bd6 Kb3 36. Bb4 Ka4 37. Bd6 Bb1 38.
Bb4 Ba2 39. Bd6 Bc4 40. Bb4 h6 41. h4 g5 42. Be7 gxh4 43. gxh4 h5 44. Bb4
Kb3 45. Bd6 Ka4 46. Bb4 Bf1 47. Bc5 Bh3 48. Bb4 Bg4 49. Bc5 Ka5 50. Bb4+
Kb6 51. Bc5+ Kc6 52. Bd6 Bh3 53. Kc3 Bf1 54. Kd2 Bc4 55. Bb4 Kd7 56. Ke1
Ke8 57. Kf2 Kf7 58. Kg3 Kg6 59. Kf4 Be2 60. Be7 Bg4 61. Bb4 Kf7 62. Kg5 Ke8
63. Kf6 Kd7 64. Bd6 Kc6 65. Kg5 Kb6 66. Bb4 Ka6 67. Kf4 Kb6 68. Bc5+ Ka5
69. Bb4+ Ka4 70. Bc5 Kb3 71. Bb4 Kc4 72. Bc5 Kd3 73. Bb4 Ke2 74. Bc5 Kf2
75. Bb4 Kg2 76. Be1 Kh3 77. Bf2 Kg2 78. Be1 Kf1 79. Bd2 Ke2 80. Bc3 Kf2 81.
Bd2 Ke2 82. Bc3 Kd3 83. Bb4 Be2 84. Ba5 Bg4 85. Bb4 Ke2 86. Bc3 Kd3 87. Bb4
Kc4 88. Ba5 Kd3 89. Bb4 Ke2 90. Ba5 Kf2 91. Bd2 Be2 92. Bc3 Bf1 93. Bd2 Ke2
94. Bc3 Kd3 95. Bb4 Kc4 96. Ba5 Kb3 97. Bb4 Be2 98. Bc5 Kc4 99. Bb4 Kb3
100. Bc5 Bf1 101. Bb4 { Game drawn by the 50 move rule } 1/2-1/2

[Event "ICC tourney 2075 (75 10)"]
[Site "Internet Chess Club"]
[Date "2020.10.25"]
[Round "4"]
[White "Yamato1945"]
[Black "MehPlayer"]
[Result "0-1"]
[ICCResult "White checkmated"]
[WhiteElo "1425"]
[BlackElo "1615"]
[Opening "Nimzo-Indian: Leningrad variation"]
[ECO "E30"]
[NIC "NI.25"]
[Time "11:02:26"]
[PlyCount "70"]
[TimeControl "4500+10"]

1. d4 Nf6 2. c4 e6 3. Nc3 Bb4 4. Bg5 h6 5. Bh4 g5 6. Bg3 Ne4 7. Qc2 Nxg3 8.
hxg3 Nc6 9. e3 d5 10. a3 Bxc3+ 11. bxc3 Bd7 12. Nf3 Qe7 13. cxd5 exd5 14.
Bd3 O-O-O 15. O-O g4 16. Nd2 h5 17. Rfe1 h4 18. Nf1 h3 19. e4 Qg5 20. exd5
hxg2 21. Nh2 Qh5 22. Kxg2 Qxh2+ 23. Kf1 Qh1+ 24. Ke2 Qxd5 25. Qb2 Rde8+ 26.
Kd2 Rxe1 27. Rd1 Rxd1+ 28. Kxd1 Rh1+ 29. Kd2 Bf5 30. Bxf5+ Qxf5 31. d5
Qxf2+ 32. Kd3 Qxb2 33. Kc4 Na5+ 34. Kc5 Rd1 35. c4 b6# { White checkmated }
0-1

[Event "ICC tourney 2075 (75 10)"]
[Site "Internet Chess Club"]
[Date "2020.10.25"]
[Round "4"]
[White "Chessnaught"]
[Black "yogokings12"]
[Result "1-0"]
[ICCResult "Black resigns"]
[WhiteElo "1524"]
[BlackElo "1674"]
[Opening "Nimzovich-Larsen attack: modern variation"]
[ECO "A01"]
[NIC "VO.08"]
[Time "11:02:26"]
[PlyCount "55"]
[TimeControl "4500+10"]

1. b3 e5 2. Bb2 Nc6 3. e3 d5 4. Bb5 Bd6 5. f4 Qe7 6. Nf3 f6 7. fxe5 fxe5 8.
Bxc6+ bxc6 9. Nxe5 Qh4+ 10. g3 Qe4 11. Qh5+ g6 12. Qf3 Nf6 13. Qxe4 Nxe4
14. Nxg6 Rg8 15. Nf4 Ba6 16. d3 Ng5 17. Nd2 Bb4 18. O-O-O O-O-O 19. Rhf1
Rde8 20. Rde1 Ne4 21. dxe4 Bxf1 22. Rxf1 Bxd2+ 23. Kxd2 Rxe4 24. Bd4 Kd7
25. Nd3 Kd6 26. Nc5 Ree8 27. Rf7 Re7 28. Rf6+ { Black resigns } 1-0

[Event "ICC tourney 2075 (75 10)"]
[Site "Internet Chess Club"]
[Date "2020.10.25"]
[Round "4"]
[White "SunnyDays0"]
[Black "thihansa"]
[Result "1-0"]
[ICCResult "Black checkmated"]
[WhiteElo "1181"]
[BlackElo "1183"]
[Opening "Queen's pawn, Mason variation"]
[ECO "D00"]
[NIC "QP.08"]
[Time "11:02:24"]
[PlyCount "97"]
[TimeControl "4500+10"]

1. d4 d5 2. Bf4 Nf6 3. e3 e6 4. Nf3 c5 5. c3 Nc6 6. Bd3 Be7 7. Nbd2 Bd7 8.
O-O O-O 9. Ne5 Rc8 10. Ndf3 h6 11. Nxc6 Bxc6 12. Ne5 Nd7 13. Qg4 Nxe5 14.
dxe5 Kh8 15. Qh5 Bg5 16. Bxg5 Qxg5 17. Qxg5 hxg5 18. f4 gxf4 19. exf4 b5
20. Rf3 g6 21. Rh3+ Kg7 22. g4 Rh8 23. Rg3 c4 24. Bc2 Kf8 25. f5 gxf5 26.
gxf5 Rg8 27. Rxg8+ Kxg8 28. h4 Kh7 29. fxe6+ Kg7 30. exf7 Kxf7 31. h5 Ke6
32. Re1 Rg8+ 33. Kf2 Be8 34. h6 Rh8 35. h7 a5 36. Rg1 Bf7 37. Rg7 b4 38.
Ke3 bxc3 39. bxc3 Rf8 40. Bf5+ Ke7 41. e6 Kf6 42. Rxf7+ Rxf7 43. exf7 Kxf7
44. h8=Q Ke7 45. Qe5+ Kf7 46. Qe6+ Kg7 47. Qe7+ Kh6 48. Kf4 a4 49. Qg5# {
Black checkmated } 1-0